[Event "Late-Titled-Tuesday-Blitz-October-03-2023"]
[Site "Chess.com"]
[Date "2023.10.03"]
[Round "10"]
[White "lluiss"]
[Black "maurovargas01"]
[Result "1-0"]
[WhiteElo "2136"]
[BlackElo "1902"]
[TimeControl "180+1"]
[EndTime "15:48:51 PDT"]
[Termination "lluiss won by resignation"]

1. Nf3 Nc6 2. d4 d5 3. g3 Bg4 4. Bg2 Qd7 5. Ne5 Nxe5 6. dxe5 Bh3 7. Qxd5 Bxg2 8. Qxg2 O-O-O 9. O-O h5 10. h4 Qf5 11.
Bf4 Qxc2 12. e6 Qxb2 13. Nd2 fxe6 14. Rab1 Rxd2 15. Bxd2 Qxd2 16. Qxb7+ Kd7 17. Rfd1 Qd6 18. Rbc1 Ke8 19. Rxd6 cxd6 20. Rc8+ Kf7 21. Qxa7 Rh6 22. Qb8 Rf6 23. Rxf8+ Kg6 24. Rxg8 1-0

[Event "Late-Titled-Tuesday-Blitz-October-03-2023"]
[Site "Chess.com"]
[Date "2023.10.03"]
[Round "10"]
[White "MathiasWomacka"]
[Black "GAusal"]
[Result "1-0"]
[WhiteElo "2507"]
[BlackElo "2286"]
[TimeControl "180+1"]
[EndTime "15:48:52 PDT"]
[Termination "MathiasWomacka won by resignation"]

1. e4 c5 2. Nf3 e6 3. d4 cxd4 4. Nxd4 a6 5. Bd3 Nf6 6. O-O Qc7 7. Qe2 Nc6 8. Nxc6 bxc6 9. e5 Nd5 10. Re1 g6 11. c4 Ne7 12. Nc3 Bg7 13. Bf4 O-O 14. Ne4 c5 15. Qe3 Nf5 16. Qxc5 Qxc5 17. Nxc5 Rb8 18.
b3 Bb7 19. Nxd7 Nd4 20. Nxb8 Rxb8 21. Rad1 a5 22. Bxg6 Nf3+ 23. gxf3 hxg6 24. Kg2 Kf8 25. Bg5 Bc6 26. Rd8+ Rxd8 27. Bxd8 a4 28. Bf6 axb3 29. axb3 Bh6 30. Rd1 Bf4 31. Rd8+ Be8 32. c5 1-0

[Event "Late-Titled-Tuesday-Blitz-October-03-2023"]
[Site "Chess.com"]
[Date "2023.10.03"]
[Round "10"]
[White "The_Straightforward_Rook"]
[Black "Rozhkov_V"]
[Result "1-0"]
[WhiteElo "2559"]
[BlackElo "2433"]
[TimeControl "180+1"]
[EndTime "15:48:54 PDT"]
[Termination "The_Straightforward_Rook won by resignation"]

1. d4 d5 2. Nf3 Nf6 3. c4 dxc4 4. e3 Bg4 5. h3 Bh5 6. Nbd2 b5 7. a4 c6 8. axb5 cxb5 9. b3 a5 10. bxc4 bxc4 11. Bxc4 e6 12. Qa4+ Nfd7 13. Ne5 Bb4 14. Bb5 Ra7 15. Ba3 Bxa3 16. Qxa3 Rb7 17. Ndc4 Rxb5 18. Nd6+ Ke7 19. Ndxf7+ Kf6 20. Nxd8 Rxd8 21.
f4 Rc8 22. O-O Rc2 23. Rf2 Nxe5 24. fxe5+ 1-0

[Event "Late-Titled-Tuesday-Blitz-October-03-2023"]
[Site "Chess.com"]
[Date "2023.10.03"]
[Round "10"]
[White "Polish_fighter3000"]
[Black "fyall777"]
[Result "1-0"]
[WhiteElo "3048"]
[BlackElo "2539"]
[TimeControl "180+1"]
[EndTime "15:48:58 PDT"]
[Termination "Polish_fighter3000 won on time"]

1. b4 e5 2. Bb2 Bxb4 3. Bxe5 Nf6 4. g3 Qe7 5. Nf3 Nc6 6. Bb2 O-O 7. Bg2 d6 8. O-O Bg4 9. a3 Ba5 10. c4 Rfe8 11.
e3 Ne5 12. d3 c6 13. Nc3 Rad8 14. Qe2 d5 15. cxd5 Nxf3+ 16. Bxf3 Bxf3 17. Qxf3 Bxc3 18. Bxc3 Nxd5 19. Rfc1 Nxc3 20. Rxc3 Rd5 21. d4 Red8 22. Rb1 h5 23. h4 R8d6 24. a4 Rf6 25. Qd1 g5 26. Qxh5 gxh4 27. Qxh4 Rdf5 28. f4 Rg6 29. Qxe7 1-0

[Event "Late-Titled-Tuesday-Blitz-October-03-2023"]
[Site "Chess.com"]
[Date "2023.10.03"]
[Round "10"]
[White "Cambek64"]
[Black "SanchezKelvin"]
[Result "0-1"]
[WhiteElo "2457"]
[BlackElo "2585"]
[TimeControl "180+1"]
[EndTime "15:49:04 PDT"]
[Termination "SanchezKelvin won by resignation"]

1. b3 d5 2. Bb2 c6 3. g3 Bg4 4.
Bg2 Nd7 5. d3 e5 6. Nd2 Bb4 7.
a3 Bd6 8. Ngf3 Qe7 9. e4 Ngf6 10. Qe2 O-O 11. h3 Bh5 12. Nh4 Bxe2 13. Nf5 Qe6 14. Kxe2 g6 15. Ne3 d4 16. Ng4 h5 17. Nh2 Nh7 18. g4 h4 19. Nhf3 g5 20. Nc4 Bc7 21. a4 b6 22. Ba3 Rfc8 23. Rhb1 b5 24. Ncd2 a6 25. Bf1 Bd6 26. Bb2 f6 27. Ke1 Kg7 28.
Be2 Nhf8 29. Bf1 Ng6 30. Kd1 Nf4 31. a5 Bb4 32. Ba3 Bxa5 33. Bf8+ Kxf8 34. Rxa5 Qd6 35. Rba1 c5 36. Ne1 Qb6 37. R1a2 Nb8 38. Ra1 Nc6 39. R5a3 a5 40. f3 Ra7 41. Kc1 Rca8 42. R1a2 a4 43. bxa4 Rxa4 44. Rxa4 Rxa4 45. Rxa4 bxa4 46.
Nb1 Qb4 47. c3 Qb3 48. Nc2 dxc3 49. Nba3 Nb4 0-1

[Event "Late-Titled-Tuesday-Blitz-October-03-2023"]
[Site "Chess.com"]
[Date "2023.10.03"]
[Round "10"]
[White "chessajedrezz2020"]
[Black "valemava"]
[Result "1-0"]
[WhiteElo "2678"]
[BlackElo "2319"]
[TimeControl "180+1"]
[EndTime "15:49:14 PDT"]
[Termination "chessajedrezz2020 won by checkmate"]

1. Nf3 b5 2. g3 Bb7 3. Bg2 g6 4. O-O Bg7 5. c4 bxc4 6. Qa4 Nf6 7. Qxc4 O-O 8. Nc3 d6 9. Qh4 e5 10. d3 Nfd7 11. Bg5 f6 12. Qb4 Nc5 13. Be3 a5 14. Qc4+ Kh8 15. Bxc5 dxc5 16. Ng5 Bxg2 17. Ne6 Qd6 18.
Kxg2 Rf7 19. Ne4 Qc6 20. Nd8 Qa6 21. Nxf7+ Kg8 22. Nh6+ Kf8 23. Qf7# 1-0

[Event "Late-Titled-Tuesday-Blitz-October-03-2023"]
[Site "Chess.com"]
[Date "2023.10.03"]
[Round "10"]
[White "Dacean99"]
[Black "Aleksandar-Topalov"]
[Result "1-0"]
[WhiteElo "2541"]
[BlackElo "2428"]
[TimeControl "180+1"]
[EndTime "15:49:16 PDT"]
[Termination "Dacean99 won by resignation"]

1. e4 e6 2. d4 d5 3. exd5 exd5 4. Bd3 Bd6 5. Ne2 Ne7 6. O-O Bf5 7. Ng3 Bxd3 8. Qxd3 c6 9. Re1 Bxg3 10. Qxg3 O-O 11. Bg5 f6 12. Bf4 Nf5 13. Qg4 Re8 14. Nd2 g6 15.
Nf3 Nd7 16. Rxe8+ Qxe8 17. Re1 Qf7 18. h4 Re8 19. Rxe8+ Qxe8 20. h5 Nf8 21. hxg6 hxg6 22.
g3 Qe4 23. c3 Qb1+ 24. Kg2 Qxb2 25. Qh3 Qxc3 26. Nh4 Nxd4 27. Bh6 g5 28. Qc8 Ne6 29. Bxf8 Nxf8 30. Ng6 Qc5 31. Qe8 Qd6 32. Ne7+ Kg7 33. Nf5+ Kg8 34. Nxd6 1-0

[Event "Late-Titled-Tuesday-Blitz-October-03-2023"]
[Site "Chess.com"]
[Date "2023.10.03"]
[Round "10"]
[White "acertijo08"]
[Black "ural58"]
[Result "1-0"]
[WhiteElo "2361"]
[BlackElo "2503"]
[TimeControl "180+1"]
[EndTime "15:49:25 PDT"]
[Termination "acertijo08 won by resignation"]

1. e4 d5 2. exd5 Qxd5 3. Nc3 Qa5 4. d4 Nf6 5. Nf3 Nc6 6. Bb5 Ne4 7. Qd3 Nxc3 8. bxc3 a6 9. Bc4 Bf5 10. Qd2 e6 11.
O-O Bd6 12. Rb1 b5 13. Bb3 O-O 14. d5 Rad8 15. dxc6 Bxh2+ 16. Kxh2 Rxd2 17. Bxd2 Qb6 18. Nd4 Be4 19. Be3 Bxc6 20. Nxe6 Qb8 21. Nxf8 Kxf8 22. Bc5+ Kg8 23. Rbe1 h5 24. Re7 Kh7 25. Rxf7 Be8 26. Re7 c6+ 27. Kg1 Bg6 28. Bd4 1-0

[Event "Late-Titled-Tuesday-Blitz-October-03-2023"]
[Site "Chess.com"]
[Date "2023.10.03"]
[Round "10"]
[White "Hirna2005"]
[Black "protectiago"]
[Result "1-0"]
[WhiteElo "2302"]
[BlackElo "2072"]
[TimeControl "180+1"]
[EndTime "15:49:27 PDT"]
[Termination "Hirna2005 won on time"]

1. e4 e5 2. Nf3 Nc6 3. Bc4 Bc5 4. c3 Nf6 5. b4 Bb6 6. d3 h6 7. a4 a6 8. Bb3 O-O 9. O-O d5 10.
Qe2 dxe4 11. dxe4 Bg4 12. h3 Bh5 13. Rd1 Qe7 14. Nbd2 Rad8 15. Nc4 Ba7 16. b5 Bxf3 17. Qxf3 Rxd1+ 18. Bxd1 Nb8 19. b6 Bxb6 20. Nxb6 cxb6 21. Ba3 Qc7 22. Bxf8 Kxf8 23. Bb3 Nbd7 24. Rd1 Nc5 25. Bd5 Nxa4 26. c4 Nc5 27. Qf5 a5 28. g4 a4 29. h4 Qd7 30. g5 1-0

[Event "Late-Titled-Tuesday-Blitz-October-03-2023"]
[Site "Chess.com"]
[Date "2023.10.03"]
[Round "10"]
[White "dennisodessa"]
[Black "crazy_but_lazy"]
[Result "1-0"]
[WhiteElo "2495"]
[BlackElo "2576"]
[TimeControl "180+1"]
[EndTime "15:49:28 PDT"]
[Termination "dennisodessa won by resignation"]

1. d4 Nf6 2. c4 c5 3. d5 e6 4. Nc3 exd5 5. cxd5 d6 6. e4 g6 7. Bd3 Bg7 8. h3 O-O 9. Nf3 Na6 10. O-O Nc7 11.
Re1 Re8 12. a4 b6 13. Bf4 a6 14. Bh2 Rb8 15. e5 dxe5 16. Nxe5 Bb7 17. Nc6 Rxe1+ 18. Qxe1 Bxc6 19. dxc6 Qxd3 20. Bxc7 Rc8 21. Bxb6 Rxc6 22.
Rd1 Qc2 23. Rd8+ Bf8 24. Qe7 Qc1+ 25. Nd1 Qh6 26. Bxc5 Rxc5 27. Qxc5 Qg7 28. Nc3 h5 29. Nd5 Nxd5 30. Qxd5 Qxb2 31. g3 Qc1+ 32. Kg2 Qc7 33.
Rd7 Qb6 34. Qxf7+ 1-0

[Event "Late-Titled-Tuesday-Blitz-October-03-2023"]
[Site "Chess.com"]
[Date "2023.10.03"]
[Round "10"]
[White "bazar-wokzal"]
[Black "RIPOL"]
[Result "0-1"]
[WhiteElo "2556"]
[BlackElo "2450"]
[TimeControl "180+1"]
[EndTime "15:49:29 PDT"]
[Termination "RIPOL won by resignation"]

1. e4 Nf6 2. e5 Nd5 3. c4 Nb6 4. d4 d6 5. f4 dxe5 6. fxe5 c5 7. d5 g6 8. Nf3 Bg7 9. Bf4 O-O 10. Nc3 Bg4 11. h3 Bxf3 12. Qxf3 N8d7 13. Qe3 Qb8 14.
e6 Ne5 15. exf7+ Rxf7 16. Bh2 Nexc4 17. Bxc4 Nxc4 18. Qxc5 Qc8 19. Qxc8+ Rxc8 20. O-O-O Nxb2 21. Kxb2 Rxc3 22. Kb1 Rf2 23. d6 Rcc2 24. Rd3 Rb2+ 25. Kc1 Rxa2 26. Rb3 Ra1+ 27. Rb1 Bb2+ 0-1

[Event "Late-Titled-Tuesday-Blitz-October-03-2023"]
[Site "Chess.com"]
[Date "2023.10.03"]
[Round "10"]
[White "Arystanner"]
[Black "Zurability"]
[Result "1-0"]
[WhiteElo "2837"]
[BlackElo "2726"]
[TimeControl "180+1"]
[EndTime "15:49:31 PDT"]
[Termination "Arystanner won on time"]

1. e4 c5 2. Nf3 d6 3. d4 cxd4 4.
Nxd4 Nf6 5. Nc3 g6 6. Bc4 Bg7 7. O-O O-O 8. h3 Nc6 9. Nf3 Na5 10. Bb3 Nxb3 11. axb3 b6 12. Be3 Bb7 13. Qd3 a6 14.
Rfd1 Qc7 15. Bd4 b5 16. Rac1 Rac8 17. Nd5 Nxd5 18. exd5 Bxd4 19. Qxd4 Qc5 20. Qh4 Bxd5 21. b4 Qc6 22. Ng5 h5 23. Rd3 f6 24. Nf3 Kg7 25.
Nd4 Qd7 26. Rg3 Bf7 27. Qxh5 Rh8 28. Nf5+ 1-0

[Event "Late-Titled-Tuesday-Blitz-October-03-2023"]
[Site "Chess.com"]
[Date "2023.10.03"]
[Round "10"]
[White "FabianoCaruana"]
[Black "Msb2"]
[Result "0-1"]
[WhiteElo "3081"]
[BlackElo "3082"]
[TimeControl "180+1"]
[EndTime "15:49:37 PDT"]
[Termination "Msb2 won by resignation"]

1. d4 d5 2. Nf3 e6 3. Bf4 c5 4. e3 Nc6 5. c3 Bd6 6. Nbd2 Bxf4 7. exf4 cxd4 8. cxd4 Qb6 9. Nb3 a5 10. Bd3 a4 11. Nc5 Nxd4 12. Nxd4 Qxc5 13. O-O Bd7 14. Bc2 Nf6 15. f5 O-O 16. fxe6 fxe6 17. Nf3 a3 18. Rb1 axb2 19. Rxb2 Bc6 20. Re1 Ne4 21. Bb1 Ra3 22. h3 h6 23. Nd4 Nxf2 24. Rxf2 Rxf2 25. Kxf2 Ra4 26. Qg4 Qxd4+ 27. Qxd4 Rxd4 28. Rxe6 Kf7 29. Re2 Rb4 30. Bc2 Bb5 31. Rd2 Bc4 32. Bd1 Ke6 33.
Bf3 Ke5 34. Ke3 Ra4 35. Rb2 Ra3+ 36. Kd2 Rxa2 37. Rxa2 Bxa2 38. Kc3 Bc4 39. Kb4 Kd4 0-1

[Event "Late-Titled-Tuesday-Blitz-October-03-2023"]
[Site "Chess.com"]
[Date "2023.10.03"]
[Round "10"]
[White "canary2016"]
[Black "alfianasybullina"]
[Result "1-0"]
[WhiteElo "2176"]
[BlackElo "2382"]
[TimeControl "180+1"]
[EndTime "15:49:41 PDT"]
[Termination "canary2016 won by resignation"]

1. e4 c6 2. d4 d5 3. Nc3 dxe4 4. Nxe4 Nd7 5. Nf3 Ngf6 6. Ng3 e6 7. Bd3 Bd6 8. O-O O-O 9. Ne4 Nxe4 10. Bxe4 Nf6 11. Bd3 h6 12. c3 c5 13. dxc5 Bxc5 14. Bf4 b6 15. Qc2 Bb7 16. Ne5 Nd5 17. Bg3 Rc8 18.
Rad1 Qf6 19. Nd7 Qg5 20. Nxf8 Bxf8 21. Be4 f5 22. Bf3 f4 23. Qe4 Qf5 24. Qxf5 exf5 25. Bxd5+ Bxd5 26. Rxd5 fxg3 27. hxg3 g6 28. Rd7 a5 29.
Re1 b5 30. Re6 g5 31. Rb6 b4 32. cxb4 axb4 33. Rb5 Ra8 34. Rxf5 Bg7 35. Rb5 Rxa2 36. Rxb4 Rxb2 37. Rxg7+ Kxg7 38. Rxb2 1-0

[Event "Late-Titled-Tuesday-Blitz-October-03-2023"]
[Site "Chess.com"]
[Date "2023.10.03"]
[Round "10"]
[White "angryspacevoid"]
[Black "AsaHoffmann"]
[Result "1-0"]
[WhiteElo "2537"]
[BlackElo "2368"]
[TimeControl "180+1"]
[EndTime "15:49:42 PDT"]
[Termination "angryspacevoid won by resignation"]

1. e4 d6 2. d4 Nf6 3. f3 Nbd7 4. g4 e5 5. g5 Nh5 6. Ne2 g6 7. Ng3 Nf4 8. h4 Bg7 9. Nc3 exd4 10. Nce2 Ne6 11.
f4 c5 12. f5 Nc7 13. f6 Bf8 14.
h5 Ne5 15. Nf4 Ne6 16. hxg6 fxg6 17. Bb5+ Kf7 18. Be2 Nxg5 19. c3 dxc3 20. Qb3+ c4 21.
Qxc3 Qxf6 22. O-O Ke8 23. Nd5 Qg7 24. Bxg5 Be6 25. Bxc4 Rc8 26. Bb5+ Nc6 27. Nf6+ Kd8 28. Nfh5+ Qe7 29. Bxe7+ Bxe7 30. Qxh8+ Kd7 31. Bxc6+ 1-0

[Event "Late-Titled-Tuesday-Blitz-October-03-2023"]
[Site "Chess.com"]
[Date "2023.10.03"]
[Round "10"]
[White "Bauman_Guy"]
[Black "RETURNOFTHELAGGER"]
[Result "1-0"]
[WhiteElo "2862"]
[BlackElo "2679"]
[TimeControl "180+1"]
[EndTime "15:49:44 PDT"]
[Termination "Bauman_Guy won by resignation"]

1. e4 c5 2. Nf3 d6 3. d4 cxd4 4. Nxd4 Nf6 5. Nc3 a6 6. h3 e5 7.
Nde2 h5 8. Bg5 Be7 9. Ng3 g6 10.
Bc4 Nbd7 11. Bxf6 Nxf6 12. Nd5 O-O 13. O-O b5 14. Nxf6+ Bxf6 15. Bd5 Ra7 16. a4 bxa4 17. Rxa4 Kg7 18. b4 Bb7 19. c4 Qb6 20. Qd3 Rc8 21.
Rfa1 Bxd5 22. cxd5 Rac7 23. Qxa6 Qd4 24. b5 Rc1+ 25. Nf1 Rxa1 26. Rxa1 Bh4 27. Ra2 Rc1 28.
b6 Bxf2+ 29. Kh2 Bg1+ 30. Kh1 Rxf1 31. Qxf1 Qxb6 32. Qxg1 1-0

[Event "Late-Titled-Tuesday-Blitz-October-03-2023"]
[Site "Chess.com"]
[Date "2023.10.03"]
[Round "10"]
[White "KorolDimitriy75"]
[Black "Sjakkerntobi"]
[Result "0-1"]
[WhiteElo "2374"]
[BlackElo "2516"]
[TimeControl "180+1"]
[EndTime "15:49:54 PDT"]
[Termination "Sjakkerntobi won on time"]

1. d4 Nf6 2. c4 e6 3. Nc3 c5 4. d5 exd5 5. cxd5 d6 6. Nf3 g6 7. Nd2 Bg7 8. Nc4 O-O 9. Bf4 Ne8 10. Qd2 b6 11. a4 Ba6 12. e4 Bxc4 13. Bxc4 Nd7 14. O-O Ne5 15. Be2 Nc7 16. Rfe1 Rb8 17.
Bg5 Bf6 18. Bh6 Bg7 19. Bg5 Qc8 20.
h3 a6 21. f4 Nd7 22. e5 dxe5 23. d6 Ne6 24. Nd5 Qb7 25. Bf3 Qa7 26. Ne7+ Kh8 27.
Nc6 Qb7 28. Nxe5 Qc8 29. Nxf7+ Rxf7 30. Rxe6 c4 31. Re7 Rxe7 32. dxe7 Nc5 33. Qd8+ Qxd8 34.
exd8=Q+ Rxd8 35. Bxd8 Bxb2 36. Rb1 c3 37. Rxb2 cxb2 38.
Bf6+ Kg8 39. Bxb2 Nxa4 40. Bd5+ Kf8 41. Bd4 b5 42. g4 b4 43. Kf2 Nc3 0-1

[Event "Late-Titled-Tuesday-Blitz-October-03-2023"]
[Site "Chess.com"]
[Date "2023.10.03"]
[Round "10"]
[White "C_K_G"]
[Black "Elbebiber"]
[Result "1-0"]
[WhiteElo "1930"]
[BlackElo "2132"]
[TimeControl "180+1"]
[EndTime "15:50:05 PDT"]
[Termination "C_K_G won by checkmate"]

1. e4 d5 2. exd5 Nf6 3. d4 Nxd5 4. c4 Nb6 5. h3 e5 6. d5 Bc5 7. Nc3 O-O 8. Nf3 e4 9. Nd4 Qf6 10. Be3 Re8 11. Be2 N8d7 12. O-O Ne5 13. Nxe4 Qe7 14. Nxc5 Qxc5 15. Nb5 Qe7 16. b3 a6 17. d6 cxd6 18. Qxd6 axb5 19. Qxb6 bxc4 20. Bxc4 Nxc4 21. bxc4 Ra6 22. Qb5 Be6 23. Bc5 Qc7 24. Qxe8# 1-0

[Event "Late-Titled-Tuesday-Blitz-October-03-2023"]
[Site "Chess.com"]
[Date "2023.10.03"]
[Round "10"]
[White "alexrustemov"]
[Black "RichardLeyvaP"]
[Result "1-0"]
[WhiteElo "2829"]
[BlackElo "2622"]
[TimeControl "180+1"]
[EndTime "15:50:06 PDT"]
[Termination "alexrustemov won by resignation"]

1. d4 Nf6 2. c4 g6 3. Nf3 Bg7 4. g3 d6 5. Bg2 O-O 6. Nc3 c6 7. O-O Qa5 8. h3 Be6 9. Nd2 Qa6 10. b3 d5 11. cxd5 Nxd5 12. Nxd5 Bxd5 13. Bb2 Bxg2 14.
Kxg2 Rd8 15. e3 Nd7 16. Qc2 Nf6 17. Nc4 Rac8 18. Rfd1 Qb5 19. Qe2 Qd5+ 20. Qf3 Ne4 21. Rac1 h5 22. h4 Nf6 23. Ne5 Qxf3+ 24. Kxf3 Nd5 25.
Nd3 Kf8 26. Ke2 Ke8 27. Rc2 Bf6 28. Rdc1 Rb8 29. a4 e6 30. Ba3 Be7 31. Bxe7 Kxe7 32. b4 Kd6 33. a5 a6 34. e4 Nc7 35. Ke3 Ke7 36. Rd2 Rd6 37. Nc5 Nb5 38. Rd3 Kd8 39. Rcd1 Kc7 40. R1d2 Rbd8 41. f3 Rg8 42. Kf4 f6 43. e5 fxe5+ 44. dxe5 Rxd3 45. Rxd3 Rf8+ 46. Kg5 Rf5+ 47. Kxg6 Rxe5 48. g4 hxg4 49. fxg4 Nd6 50. h5 1-0

[Event "Late-Titled-Tuesday-Blitz-October-03-2023"]
[Site "Chess.com"]
[Date "2023.10.03"]
[Round "10"]
[White "Ducke13"]
[Black "GoltsevDmitry2000"]
[Result "0-1"]
[WhiteElo "2478"]
[BlackElo "2676"]
[TimeControl "180+1"]
[EndTime "15:50:10 PDT"]
[Termination "GoltsevDmitry2000 won on time"]

1. d4 Nf6 2. g3 c6 3. c4 d5 4. Nf3 dxc4 5. Bg2 g6 6. a4 Bg7 7. O-O O-O 8. Na3 Be6 9. Ng5 Bf5 10. Nxc4 h6 11. Nf3 Nbd7 12. a5 Ne4 13.
a6 b5 14. Nce5 Nxe5 15. Nxe5 Rc8 16. Bf4 g5 17. Be3 c5 18. g4 Bh7 19. Nf3 c4 20.
Ne5 f6 21. Nf3 Qd7 22. h3 b4 23. Qa4 Qxa4 24. Rxa4 Rb8 25. Rc1 c3 26. b3 Rfc8 27.
d5 c2 28. Bxa7 Ra8 29. Be3 Nc3 30. Nd4 Nxa4 31. bxa4 Rxa6 32. Nc6 b3 33. Nxe7+ Kh8 34. Bd4 f5 35. Bxg7+ Kxg7 36. gxf5 b2 37. Nxc8 bxc1=Q+ 38. Kh2 Qf4+ 0-1

[Event "Late-Titled-Tuesday-Blitz-October-03-2023"]
[Site "Chess.com"]
[Date "2023.10.03"]
[Round "10"]
[White "ferrufino64"]
[Black "JohnWhite1952"]
[Result "1-0"]
[WhiteElo "2220"]
[BlackElo "2054"]
[TimeControl "180+1"]
[EndTime "15:50:12 PDT"]
[Termination "ferrufino64 won on time"]

1. e4 e6 2. d4 d5 3. Nc3 Bb4 4.
Ne2 dxe4 5. a3 Bxc3+ 6. Nxc3 Nf6 7. Bg5 Nc6 8. Bb5 h6 9. Bxf6 Qxf6 10. Nxe4 Qg6 11.
Qf3 O-O 12. Bxc6 bxc6 13. O-O-O Bb7 14. Nc5 Bc8 15. h4 Rb8 16. g4 e5 17. Rhg1 exd4 18.
Rxd4 Re8 19. Rgd1 Be6 20. Qf4 Rb5 21. Nxe6 Qxe6 22. Qxc7 Qa2 23. Rd8 Qxb2+ 24. Kd2 Rd5+ 25.
Rxd5 cxd5 26. Qc5 Rd8 27. Ke2 Qe5+ 28. Kf1 Qf4 29. Rd4 Qc1+ 30. Kg2 Qb2 31. a4 1-0

[Event "Late-Titled-Tuesday-Blitz-October-03-2023"]
[Site "Chess.com"]
[Date "2023.10.03"]
[Round "10"]
[White "NMZanette"]
[Black "Mariia89"]
[Result "1-0"]
[WhiteElo "2304"]
[BlackElo "2064"]
[TimeControl "180+1"]
[EndTime "15:50:14 PDT"]
[Termination "NMZanette won on time"]

1. e4 c6 2. d4 d5 3. f3 dxe4 4. fxe4 e5 5. Nf3 Bg4 6. Bc4 Nf6 7. O-O Nbd7 8. dxe5 Qb6+ 9. Kh1 Nxe5 10. Be2 Bxf3 11. gxf3 Rd8 12. Qe1 Bc5 13. Nd2 O-O 14. Nc4 Nxc4 15.
Bxc4 Bd4 16. c3 Bc5 17. b4 Bd6 18. Be3 Qc7 19. Qf2 c5 20. bxc5 Bf4 21. Bd4 Nh5 22.
Qh4 g6 23. Rg1 Ng7 24. Qf6 Bh6 25. Rg4 Rxd4 26. cxd4 1-0

[Event "Late-Titled-Tuesday-Blitz-October-03-2023"]
[Site "Chess.com"]
[Date "2023.10.03"]
[Round "10"]
[White "nihalsarin"]
[Black "BardArtem"]
[Result "1-0"]
[WhiteElo "3067"]
[BlackElo "2816"]
[TimeControl "180+1"]
[EndTime "15:50:18 PDT"]
[Termination "nihalsarin won on time"]

1. a3 d5 2. c4 c6 3. e3 Nf6 4. Nf3 Bf5 5. b4 e6 6. Bb2 h6 7. cxd5 exd5 8. Be2 Nbd7 9. O-O Bd6 10. d3 O-O 11.
Nbd2 Re8 12. Nb3 Bh7 13. Rc1 Qe7 14. h3 Ne5 15. Re1 Nxf3+ 16. Bxf3 Be5 17. Bxe5 Qxe5 18. Qd2 Nd7 19. a4 Qd6 20. Bg4 Ne5 21. Be2 Qg6 22. d4 Nd7 23. b5 Rac8 24. Na5 Rc7 25. Nxb7 Nf6 26. Nc5 cxb5 27. axb5 Rec8 28. Bd3 Qh5 29. Bxh7+ Kxh7 30. Qd3+ Qg6 31. Qxg6+ Kxg6 32. Ra1 Nd7 33. Nd3 Nb6 34. Ne5+ Kh7 35. Nc6 Ra8 36. Ra6 Nc4 37. Rea1 Rb7 38. Nxa7 Nd2 39. Nc6 Rc8 40. g3 Rcc7 41.
Ra7 f6 42. b6 1-0

[Event "Late-Titled-Tuesday-Blitz-October-03-2023"]
[Site "Chess.com"]
[Date "2023.10.03"]
[Round "10"]
[White "angelgab3"]
[Black "Nick12772"]
[Result "0-1"]
[WhiteElo "2529"]
[BlackElo "2372"]
[TimeControl "180+1"]
[EndTime "15:50:22 PDT"]
[Termination "Nick12772 won by resignation"]

1. e4 a6 2. d4 e6 3. Nf3 d5 4. Nc3 Bb4 5. e5 c5 6. a3 Bxc3+ 7. bxc3 Ne7 8. Bd3 Qa5 9. O-O Nbc6 10. a4 c4 11. Be2 Qd8 12. Ba3 O-O 13. Nh4 b5 14. Qd2 Bd7 15. f4 Re8 16. Bg4 Ng6 17.
Nxg6 hxg6 18. Bh3 Ne7 19. g4 bxa4 20. Rab1 Rb8 21. Bd6 Rxb1 22. Rxb1 Bb5 23. Qf2 Qa5 24. Bb4 Qb6 25. Kh1 Nc6 26. Ba3 Ne7 27. Bg2 Qc7 28. h4 Qd8 29. Kg1 Nc6 30. Kf1 Ne7 31. Ke2 Qa5 32. h5 Qxc3 0-1

[Event "Late-Titled-Tuesday-Blitz-October-03-2023"]
[Site "Chess.com"]
[Date "2023.10.03"]
[Round "10"]
[White "nicholas_ilic"]
[Black "UK_23"]
[Result "1-0"]
[WhiteElo "2228"]
[BlackElo "2380"]
[TimeControl "180+1"]
[EndTime "15:50:23 PDT"]
[Termination "nicholas_ilic won by resignation"]

1. e4 e5 2. Nf3 Nc6 3. Bb5 a6 4.
Ba4 Nf6 5. O-O b5 6. Bb3 Be7 7. d4 d6 8. h3 Nxd4 9. Nxd4 exd4 10.
a4 Rb8 11. axb5 axb5 12. Re1 O-O 13. Bg5 c5 14. Bxf6 Bxf6 15. Bd5 Be6 16. Nd2 Bxd5 17.
exd5 Qd7 18. Ne4 Be5 19. Qf3 c4 20. Ra6 Ra8 21. Rea1 Rxa6 22. Rxa6 b4 23. Rc6 Rc8 24. Ng5 Rxc6 25. dxc6 Qc7 26. Qxf7+ Qxf7 27. Nxf7 d3 28.
c7 d2 29. Nh6+ gxh6 30. c8=Q+ Kg7 31. Qg4+ Kf6 32. b3 c3 33. Kf1 d5 34. Ke2 d4 35.
f4 Bd6 36. f5 Be5 37. Qe4 h5 38. g4 hxg4 39. hxg4 h6 40. Qc6+ Kg5 41. Qg6+ Kf4 42.
Qxh6+ Kxg4 43. f6 Bf4 44. Qh1 Bd6 45. f7 Kf5 46. Qd5+ 1-0

[Event "Late-Titled-Tuesday-Blitz-October-03-2023"]
[Site "Chess.com"]
[Date "2023.10.03"]
[Round "10"]
[White "Yushko_Olga"]
[Black "ARTHURMOTIVATOR"]
[Result "0-1"]
[WhiteElo "2121"]
[BlackElo "2323"]
[TimeControl "180+1"]
[EndTime "15:50:26 PDT"]
[Termination "ARTHURMOTIVATOR won on time"]

1. d4 Nf6 2. c4 c5 3. d5 g6 4. Nc3 Bg7 5. e4 d6 6. Nf3 O-O 7. h3 e6 8. Bd3 Na6 9. O-O e5 10. a3 Nh5 11. Rb1 h6 12. b4 Nf4 13.
Bxf4 exf4 14. Ne2 g5 15. Bc2 h5 16. e5 dxe5 17. d6 g4 18. Ne1 gxh3 19. Nf3 hxg2 20.
Kxg2 Qd7 21. Nh2 Qh3+ 22. Kh1 f3 23. Rg1 fxe2 24. Qxe2 Bg4 25. Qe4 f5 26. Qd5+ Kh8 27. Rg3 Qh4 28. b5 f4 29. Rd3 Nb8 30. Re1 Nd7 31.
Rd2 Nf6 32. Qxb7 e4 33. Bxe4 Rae8 34. Kg1 Bh3 0-1

[Event "Late-Titled-Tuesday-Blitz-October-03-2023"]
[Site "Chess.com"]
[Date "2023.10.03"]
[Round "10"]
[White "MathiasCasalaspro"]
[Black "hellokostya"]
[Result "0-1"]
[WhiteElo "2364"]
[BlackElo "2537"]
[TimeControl "180+1"]
[EndTime "15:50:29 PDT"]
[Termination "hellokostya won by checkmate"]

1. d4 Nf6 2. Bg5 d5 3. e3 c5 4. Bxf6 gxf6 5. dxc5 e6 6. b4 a5 7. c3 axb4 8. cxb4 b6 9. Bb5+ Bd7 10. Bxd7+ Qxd7 11.
cxb6 Bxb4+ 12. Nd2 Qb5 13. Nf3 Nd7 14. Qe2 Qxe2+ 15.
Kxe2 Nxb6 16. Rhb1 Bxd2 17. Rxb6 Bc3 18. Rc1 Ba5 19.
Rb7 O-O 20. g4 Bd8 21. Rc2 Re8 22. h4 Re7 23. Rxe7 Bxe7 24. g5 fxg5 25. hxg5 Kg7 26.
Kf1 Ra7 27. Ne5 Bxg5 28. f4 Bf6 29. Rg2+ Kf8 30. Ng4 Bg7 31. Ke1 h5 32. Nh2 Ra3 33. Nf1 d4 34. exd4 Bxd4 35. Rh2 Rf3 36. Rxh5 Rxf4 37. Nd2 Bc3 38. Rc5 Bxd2+ 39. Kxd2 Rf2+ 40. Ke3 Rxa2 41. Ke4 Kg7 42. Rc7 Kf6 43. Rc5 Ra4+ 44. Kf3 e5 45. Rc7 Ke6 46. Rc6+ Kf5 47. Rc7 f6 48.
Rc6 Ra3+ 49. Ke2 e4 50. Rd6 Ke5 51. Rc6 f5 52. Rc8 Kf4 53. Rf8 Ra2+ 54. Ke1 Ke3 55. Kf1 f4 56. Rb8 Kf3 57. Rb3+ e3 58. Rb1 Rh2 59.
Kg1 Rg2+ 60. Kh1 Rg8 61. Rf1+ Ke4 62. Rb1 e2 63. Rb4+ Ke3 64. Rb3+ Kf2 65. Rb2 Rh8# 0-1

[Event "Late-Titled-Tuesday-Blitz-October-03-2023"]
[Site "Chess.com"]
[Date "2023.10.03"]
[Round "10"]
[White "Horokoskii"]
[Black "egnfanclub"]
[Result "0-1"]
[WhiteElo "2124"]
[BlackElo "2380"]
[TimeControl "180+1"]
[EndTime "15:50:29 PDT"]
[Termination "egnfanclub won by checkmate"]

1. c4 c5 2. Nc3 Nf6 3. g3 d5 4.
cxd5 Nxd5 5. Bg2 Nc7 6. Nf3 Nc6 7. O-O e5 8. d3 Be7 9. b3 O-O 10. Bb2 f6 11. Rc1 b6 12. Nd2 Qe8 13. f4 exf4 14.
Rxf4 Ne6 15. Re4 f5 16. Re3 Bg5 17. Rf3 Ned4 18. Rf2 Be3 19. Nd5 Bxf2+ 20. Kxf2 Rb8 21. e3 Ne6 22. Nc4 Qd7 23. Qh5 Bb7 24. Rf1 Qf7 25. Qh4 Rbd8 26. Kg1 Nc7 27. Nf4 Ne6 28. Nd5 Ned4 29. exd4 Rxd5 30. Bxd5 Qxd5 31. dxc5 Nd4 32. Ne3 Qh1+ 33. Kf2 Qf3+ 34. Ke1 Qe2# 0-1